Map: Romanticide LE

Players

Rogue

  • Race: Zerg Zerg
  • Spawn Location: 11:00

Trap - Winner!

  • Race: Protoss Protoss
  • League: Master
  • Spawn Location: 5:00

VOD

Have the link to the VOD?

Description

Time

  • Played on: Jan. 13, 2021, 12:19 p.m.
  • Length: 14:58
Show
View Real Time Build Order
Export as new Build Order

Rogue Zerg 

Build Orders: Hatch First 

Get SALT Encoding   

  12  0:00  Drone  
  13  0:11  Overlord  
  13  0:17  Drone  
  14  0:30  Drone  
  15  0:44  Hatchery  
  15  0:47  Drone  
  15  0:51  Drone  
  15  0:54  Drone  
  17  0:58  Drone  
  18  1:08  Extractor  
  17  1:14  Spawning Pool  
  17  1:18  Drone  
  17  1:21  Drone  
  18  1:32  Drone  
  19  1:42  Drone  
  20  1:53  Overlord  
  20  2:01  Queen x2  
  20  2:02  Zergling x2  
  20  2:03  Zergling x2  
  26  2:09  Drone  
  26  2:13  Drone  
  26  2:14  Metabolic Boost  
  28  2:18  Drone  
  29  2:24  Drone  
  29  2:29  Drone  
  31  2:39  Hatchery  
  31  2:42  Drone  
  31  2:47  Queen  
  33  2:51  Overlord  
  33  2:54  Drone  
  33  2:57  Drone  
  35  3:01  Drone  
  36  3:13  Drone x6  
  42  3:21  Overlord  
  42  3:23  Queen  
  44  3:36  Roach Warren  
  44  3:37  Zergling x2  
  44  3:40  Spore Crawler  
  43  3:42  Zergling x2  
  43  3:44  Drone  
  43  3:45  Drone x4  
  49  3:50  Extractor  
  49  3:51  Queen  
  49  3:53  Drone x2  
  52  3:56  Spore Crawler  
  51  4:03  Drone x4  
  51  4:07  Drone x2  
  57  4:11  Spore Crawler  
  57  4:14  Evolution Chamber  
  57  4:16  Overlord  
  57  4:17  Overlord  
  56  4:23  Spore Crawler  
  54  4:28  Overlord x2  
  55  4:35  Drone  
  55  4:36  Drone x8  
  64  4:40  Zerg Melee Weapons Level 1  
  64  4:45  Baneling Nest  
  64  4:47  Drone x3  
  64  4:51  Drone x2  
  68  4:55  Overlord  
  68  4:59  Drone x2  
  70  5:05  Hatchery  
  69  5:09  Lair  
  69  5:13  Queen  
  71  5:15  Drone  
  71  5:16  Drone x2  
  71  5:17  Extractor  
  71  5:19  Queen  
  74  5:22  Zergling x6  
  74  5:25  Drone x2  
  74  5:28  Drone x3  
  79  5:30  Drone  
  79  5:33  Drone x2  
  81  5:40  Drone x2  
  81  5:43  Overlord  
  81  5:44  Overlord  
  81  5:53  Extractor, Overlord  
  80  5:57  Overlord  
  80  6:01  Queen x2  
  84  6:05  Drone x3  
  84  6:06  Zergling x10  
  84  6:07  Zergling x8  
  84  6:10  Queen  
  97  6:12  Centrifical Hooks  
  97  6:16  Drone x2  
  99  6:19  Spore Crawler  
  99  6:20  Spore Crawler  
  99  6:23  Zergling x8  
  99  6:24  Drone  
  102  6:29  Queen  
  102  6:30  Drone x2  
  106  6:33  Drone x3  
  106  6:35  Zerg Melee Weapons Level 2  
  109  6:40  Evolution Chamber  
  109  6:44  Zergling x8  
  109  6:45  Zergling x6, Baneling  
  109  6:46  Baneling x2  
  109  6:47  Baneling x3  
  110  6:54  Zergling x8  
  110  6:55  Zergling x6  
  110  6:58  Zergling x2  
  110  6:59  Zergling x6  
  119  7:05  Baneling  
  119  7:06  Baneling x5  
  119  7:10  Zerg Ground Armor Level 1  
  119  7:11  Drone  
  119  7:12  Overlord x3  
  119  7:13  Baneling x3  
  119  7:14  Baneling x3  
  120  7:20  Infestation Pit  
  120  7:21  Pneumatized Carapace  
  118  7:25  Drone  
  118  7:26  Drone x3  
  119  7:31  Drone x7  
  125  7:39  Drone x2  
  125  7:40  Queen x2  
  125  7:43  Baneling x5  
  133  7:46  Zergling x8  
  133  7:48  Zergling x4  
  133  7:49  Zergling x2  
  140  7:57  Hive  
  139  7:58  Zergling x6  
  139  7:59  Zergling x4  
  139  8:03  Baneling x5  
  143  8:07  Overlord x3  
  143  8:08  Overlord  
  143  8:09  Overlord  
  143  8:11  Hatchery  
  143  8:20  Zergling x2  
  143  8:21  Overlord  
  143  8:24  Baneling x5  
  143  8:25  Baneling x15  
  143  8:29  Zergling x2  
  143  8:30  Zergling x10  
  143  8:31  Zergling x6  
  143  8:32  Overlord  
  150  8:34  Zergling x2  
  150  8:36  Zergling x14  
  150  8:40  Extractor  
  157  8:41  Extractor  
  156  8:49  Drone x3  
  156  8:50  Drone  
  156  8:52  Overlord  
  156  8:53  Drone x6  
  156  8:55  Baneling x7  
  166  8:59  Zergling x2  
  167  9:04  Overlord  
  167  9:05  Overlord x2  
  167  9:09  Burrow  
  167  9:10  Hatchery  
  167  9:11  Ultralisk Cavern  
  167  9:12  Overseer  
  167  9:16  Drone x2  
  167  9:20  Drone  
  167  9:21  Overlord  
  167  9:22  Extractor  
  167  9:28  Drone x3  
  168  9:32  Zergling x2  
  168  9:33  Zergling x16  
  168  9:35  Spine Crawler  
  168  9:36  Spine Crawler  
  168  9:38  Baneling x6  
  173  9:40  Spine Crawler  
  173  9:42  Spine Crawler  
  171  9:49  Baneling x4  
  171  9:50  Zergling x28  
  171  9:51  Zergling x2  
  187  9:52  Zergling x2  
  187  9:53  Zergling x2  
  187  9:54  Drone x2  
  187  9:59  Zergling x2  
  193  10:00  Zergling x8  
  193  10:01  Chitinous Plating  
  194  10:07  Zerg Ground Armor Level 2  
  194  10:08  Zerg Melee Weapons Level 3  
  194  10:10  Baneling x2  
  194  10:14  Zergling x2  
  194  10:18  Baneling x5  
  194  10:21  Zergling x2  
  188  10:29  Zergling x2  
  188  10:30  Zergling x10, Baneling  
  188  10:31  Baneling x8  
  188  10:32  Zergling x18  
  188  10:33  Zergling x8  
  188  10:35  Zergling x4  
  194  10:40  Drone x3  
  194  10:41  Drone  
  187  10:46  Zergling x2  
  187  10:47  Zergling x14  
  178  10:52  Ultralisk  
  157  10:58  Ultralisk  
  157  10:59  Zergling x2  
  157  11:00  Zergling x6  
  138  11:05  Drone x3  
  138  11:08  Zergling x2  
  138  11:10  Baneling x4  
  139  11:14  Zergling x2  
  139  11:15  Zergling x14  
  141  11:19  Ultralisk  
  141  11:20  Zergling x2  
  141  11:21  Zergling x6  
  149  11:33  Drone x2  
  149  11:34  Extractor, Drone x2  
  149  11:36  Anabolic Synthesis  
  152  11:40  Ultralisk  
  152  11:41  Drone x2  
  152  11:42  Drone  
  152  11:43  Drone  
  152  11:45  Overseer  
  152  11:46  Zergling x8  
  163  11:57  Spire  
  163  12:00  Ultralisk  
  168  12:04  Zergling x22  
  177  12:09  Drone x3  
  177  12:14  Spine Crawler  
  179  12:15  Spine Crawler  
  179  12:16  Spine Crawler  
  177  12:32  Drone x2  
  177  12:33  Overseer  
  177  12:34  Spine Crawler  
  177  12:35  Spore Crawler  
  177  12:39  Drone x3  
  168  12:58  Ultralisk x2  
  168  12:59  Zergling x30  
  176  13:07  Ultralisk x2  
  179  13:23  Greater Spire  
  179  13:24  Ultralisk x2  
  186  13:37  Hatchery  
  186  13:38  Overlord  
  185  13:42  Baneling x11  
  185  13:43  Zergling x14, Baneling x6  
  185  13:44  Zergling x2  
  185  13:47  Zergling x4  
  195  13:55  Overseer x2  
  195  13:56  Overseer x3  
  186  14:04  Zergling x16  
  179  14:13  Zergling x8, Ultralisk  
  179  14:14  Zergling x10  
  158  14:28  Zergling x8  
  139  14:34  Baneling x7  
  139  14:37  Zergling x6  
  134  14:39  Zergling x2  
  134  14:42  Baneling x6  
Show
View Real Time Build Order
Export as new Build Order

Trap Protoss - Winner!

Build Orders: 1 Gate Expand, Oracle Opening, Archon Immortal 

Get SALT Encoding   

  12  0:00  Probe  
  13  0:14  Pylon  
  13  0:17  Probe (Chrono Boost)  
  14  0:26  Probe (Chrono Boost)  
  15  0:31  Probe (Chrono Boost)  
  16  0:42  Gateway  
  16  0:43  Probe  
  17  0:51  Assimilator  
  17  0:55  Probe  
  18  1:07  Probe  
  19  1:20  Probe  
  20  1:25  Nexus  
  20  1:35  Cybernetics Core  
  20  1:37  Probe  
  21  1:44  Assimilator  
  21  1:50  Probe  
  21  1:53  Pylon  
  22  2:01  Probe  
  22  2:08  Adept (Chrono Boost)  
  23  2:09  Probe  
  26  2:17  Probe  
  26  2:21  Stargate  
  27  2:26  Warp Gate  
  27  2:29  Probe (Chrono Boost)  
  28  2:32  Adept  
  30  2:37  Probe (Chrono Boost)  
  32  2:46  Probe (Chrono Boost)  
  32  2:47  Probe (Chrono Boost)  
  33  2:52  Probe x2 (Chrono Boost)  
  35  3:02  Stalker  
  35  3:04  Probe  
  35  3:05  Oracle (Chrono Boost)  
  38  3:11  Probe  
  42  3:16  Probe  
  43  3:20  Pylon  
  43  3:23  Probe  
  44  3:28  Probe  
  44  3:29  Gateway, Void Ray (Chrono Boost)  
  45  3:35  Probe  
  45  3:40  Probe  
  51  3:41  Pylon  
  51  3:47  Probe  
  52  3:52  Probe  
  53  3:57  Pylon  
  53  3:59  Probe  
  54  4:03  Nexus  
  54  4:06  Probe  
  55  4:11  Probe  
  55  4:13  Assimilator  
  55  4:16  Assimilator  
  56  4:17  Shield Battery  
  56  4:21  Void Ray  
  57  4:24  Probe  
  57  4:25  Probe  
  57  4:31  Pylon  
  62  4:36  Probe  
  62  4:37  Probe  
  64  4:43  Forge  
  64  4:44  Twilight Council  
  64  4:46  Zealot  
  64  4:49  Probe (Chrono Boost)  
  64  4:52  Probe (Chrono Boost)  
  69  5:00  Probe (Chrono Boost)  
  69  5:02  Gateway  
  69  5:03  Probe (Chrono Boost)  
  69  5:05  Gateway, Probe (Chrono Boost)  
  72  5:14  Probe (Chrono Boost)  
  72  5:17  Protoss Ground Weapons Level 1 (Chrono Boost)  
  72  5:18  Gateway, Charge (Chrono Boost)  
  72  5:19  Probe (Chrono Boost)  
  72  5:20  Probe (Chrono Boost)  
  76  5:30  Templar Archives, Probe x2 (Chrono Boost)  
  76  5:31  Probe (Chrono Boost)  
  76  5:35  Probe (Chrono Boost)  
  73  5:36  Probe  
  73  5:40  Probe  
  76  5:43  Gateway x2  
  76  5:46  Gateway  
  76  5:48  Pylon  
  76  5:49  Probe  
  77  5:53  Assimilator  
  77  5:54  Zealot  
  77  5:55  Assimilator  
  79  5:59  Zealot  
  79  6:00  Probe x2  
  79  6:01  Probe  
  84  6:08  High Templar x2  
  84  6:11  Pylon  
  88  6:12  Archon, Probe  
  88  6:13  High Templar, Probe x2  
  88  6:14  High Templar  
  95  6:18  Archon  
  95  6:21  Pylon  
  95  6:22  Zealot  
  95  6:23  Robotics Facility  
  95  6:24  Pylon  
  96  6:39  Zealot x3  
  102  6:40  Zealot x2  
  102  6:41  Nexus  
  102  6:45  Zealot  
  102  6:46  Zealot  
  110  6:49  Zealot  
  106  6:57  Psionic Storm  
  98  7:05  Zealot x2, High Templar x4  
  110  7:09  Probe x3  
  110  7:13  Photon Cannon  
  110  7:14  Warp Prism (Chrono Boost)  
  115  7:19  Gateway  
  115  7:20  Gateway  
  115  7:32  Photon Cannon x2  
  115  7:33  High Templar x2  
  115  7:34  Shield Battery  
  119  7:38  Archon, Photon Cannon  
  119  7:43  Protoss Ground Weapons Level 2 (Chrono Boost)  
  119  7:47  Warp Prism (Chrono Boost)  
  121  7:52  Pylon  
  121  7:53  Pylon  
  121  7:55  Pylon  
  121  8:00  Probe x2  
  121  8:01  Probe x2  
  125  8:09  High Templar x3  
  125  8:10  Zealot x4, High Templar  
  141  8:15  Zealot x2, Observer (Chrono Boost)  
  141  8:16  Archon x2  
  146  8:20  Assimilator  
  146  8:25  Assimilator  
  146  8:26  Pylon  
  146  8:27  Pylon  
  146  8:30  Immortal (Chrono Boost)  
  150  8:42  Fleet Beacon  
  150  8:43  Blink  
  150  8:49  Robotics Facility  
  150  8:51  Pylon  
  150  8:52  Probe x3  
  150  8:53  Immortal  
  157  9:08  Photon Cannon x3  
  157  9:15  High Templar x2  
  161  9:19  Archon  
  161  9:33  Pylon  
  161  9:35  Nexus  
  161  9:37  Immortal (Chrono Boost)  
  159  9:39  Protoss Ground Weapons Level 3 (Chrono Boost), Immortal (Chrono Boost)  
  161  9:47  High Templar x4  
  161  9:48  Zealot x6  
  181  9:55  Archon  
  181  9:56  Archon  
  181  10:06  Immortal (Chrono Boost)  
  185  10:08  Immortal (Chrono Boost)  
  185  10:10  Zealot x4  
  193  10:18  Photon Cannon  
  193  10:19  Photon Cannon  
  193  10:21  Photon Cannon  
  183  10:33  High Templar x4  
  183  10:34  Zealot x6  
  181  10:39  Archon  
  181  10:41  Archon  
  172  10:43  Photon Cannon  
  164  10:56  Zealot x6  
  162  11:01  Mothership (Chrono Boost)  
  162  11:02  Archon  
  128  11:05  Zealot  
  128  11:06  Zealot x3  
  139  11:18  Probe x3 (Chrono Boost)  
  127  11:26  Probe, Immortal (Chrono Boost)  
  127  11:28  High Templar x4  
  140  11:36  Immortal (Chrono Boost), Nexus  
  140  11:38  Zealot x3, Pylon  
  140  11:39  Zealot  
  148  11:43  Zealot  
  150  11:58  Dark Shrine  
  150  12:00  Photon Cannon  
  150  12:02  Photon Cannon  
  150  12:03  Immortal (Chrono Boost), Photon Cannon  
  150  12:05  Immortal (Chrono Boost)  
  158  12:09  Zealot  
  158  12:14  High Templar x3  
  158  12:15  High Templar  
  168  12:19  Archon x2  
  168  12:22  Photon Cannon  
  168  12:24  Shield Battery  
  168  12:25  Pylon, High Templar x2  
  172  12:36  Observer (Chrono Boost)  
  177  12:37  Protoss Ground Armor Level 1  
  177  12:42  Archon  
  177  12:46  Zealot x3  
  177  12:49  Zealot x5  
  168  13:02  Zealot x2  
  164  13:06  Zealot  
  162  13:12  Gateway  
  162  13:13  Gateway  
  162  13:18  Gateway  
  160  13:21  Zealot x3, Immortal (Chrono Boost)  
  160  13:22  High Templar x4  
  160  13:23  High Templar x2  
  178  13:27  Robotics Facility  
  178  13:28  Archon x3  
  178  13:31  Photon Cannon  
  178  13:33  Photon Cannon  
  178  13:35  Assimilator  
  178  13:36  Assimilator  
  178  13:52  Stalker  
  178  13:53  Stalker x3, Observer  
  178  13:54  Stalker x2  
  178  13:55  Stalker x2  
  195  13:59  Stalker x2  
  183  14:16  Immortal x2  
  185  14:23  Archon  
  156  14:25  Zealot x3, High Templar x4  
  156  14:26  Zealot x3  
  156  14:28  Zealot x3  
  156  14:29  Archon x2  
  164  14:51  High Templar x4  
  164  14:52  Zealot x5  
  174  14:57  Archon x2, Stalker  
  174  14:58  Stalker x3  
Tags
 
Add a new tag
Caveats
  • Supply blocks, unpowered buildings, or Contaminate may cause inaccurate times.
  • Supply counts are checked every 10 seconds.